 Dungeon Crawl Stone Soup version 0.30-a0-1103-g25895a7845 (webtiles) character file.

Game seed: 17343362818294761957

158 Pimp the Firebug (level 5, -2/36 HPs)
             Began as a Demonspawn Fire Elementalist on Apr 18, 2023.
             Slain by Sigmund
             ... wielding a +7 scythe of freezing
              (4 damage)
             ... on level 3 of the Dungeon.
             The game lasted 00:07:15 (2492 turns).

Pimp the Firebug (Demonspawn Fire Elementalist)     Turns: 2492, Time: 00:07:17

Health: -2/36      AC:  6    Str:  4    XL:     5   Next: 16%
Magic:  6/9        EV: 12    Int: 19    God:
Gold:   120        SH:  0    Dex: 13    Spells: 8/9 levels left

rFire   . . .      SeeInvis .    b - +1 short sword (elec)
rCold   . . .      Faith    .    (no shield)
rNeg    . . .      Spirit   .    a - +0 robe
rPois   .          Reflect  .    (no helmet)
rElec   .          Rampage  .    g - +0 cloak
rCorr   .                        (no gloves)
Will    .....                    (no boots)
Stlth   ++                       (no amulet)
HPRegen 0.26/turn                (no ring)
MPRegen 0.11/turn                (no ring)

@: no status effects
A: yellow scales 2, condensation shield, weak 2
a: no special abilities


You were on level 3 of the Dungeon.
You visited 1 branch of the dungeon, and saw 3 of its levels.

You collected 120 gold pieces.

Inventory:

Hand Weapons
 b - a +1 short sword of electrocution (weapon)
 f - a +0 dagger
Armour
 a - a +0 robe (worn)
 g - a +0 cloak (worn)
Jewellery
 d - an amulet of guardian spirit
 e - a ring of ice
Wands
 r - a wand of digging (4)
Scrolls
 i - a scroll of teleportation
 k - 2 scrolls of butterflies
 n - a scroll of noise {unknown}
 o - a scroll of vulnerability {unknown}
 q - 2 scrolls of identify
Potions
 c - a potion of heal wounds {unknown}
 h - 3 potions of curing
 j - a potion of invisibility {unknown}
 l - a potion of flight {unknown}
 m - a potion of attraction {unknown}
 p - a potion of berserk rage {unknown}


   Skills:
 + Level 0.8 Fighting
 + Level 0.7 Short Blades
 + Level 2.6 Dodging
 + Level 2.7 Stealth
 + Level 2.7 Spellcasting
 + Level 2.1 Conjurations
 + Level 3.3 Fire Magic


You had 8 spell levels left.
You knew the following spells:

 Your Spells              Type           Power      Damage    Failure   Level
a - Foxfire               Conj/Fire      48%        2x1d6     5%          1

Your spell library contained the following spells:

 Spells                   Type           Power      Damage    Failure   Level
 Scorch                   Fire           30%        2d6       6%          2
 Inner Flame              Hex/Fire       8%         N/A       24%         3
 Volatile Blastmotes      Fire/Tloc      16%        2d11      24%         3
 Stone Arrow              Conj/Erth      12%        3d7       30%         3
 Vhi's Electric Charge    Tloc/Air       4%         N/A       43%         3
 Flame Wave               Conj/Fire      12%        2d6       45%         4
 Animate Armour           Summ/Erth      4%         N/A       83%         4
 Cause Fear               Hex            1%         N/A       83%         4
 Arcjolt                  Conj/Air       3%         1d13      96%         5
 Plasma Beam              Fire/Air       4%         2x1d15    100%        6
 Dragon Form              Tmut           1%         N/A       100%        7
 Lehudib's Crystal Spear  Conj/Erth      3%         10d2      100%        8
 Dragon's Call            Summ           1%         N/A       100%        9


Dungeon Overview and Level Annotations

Branches:
Dungeon (3/15)

Altars:
Okawaru

Shops:
D:2 ?

Annotations:
D:3 Sigmund


Innate Abilities, Weirdness & Mutations

You are mostly covered in yellow scales. (AC +3)
A meltable shield of frost defends you. (SH +0)
You are very weak. (Str -4)


Message History

You closely miss the goblin.
The goblin is severely wounded.
The goblin hits you but does no damage.
You closely miss the goblin.
The goblin is severely wounded.
The goblin hits you but does no damage.
You hit the goblin.
You kill the goblin!
Sigmund hits you with a +7 scythe of freezing.
Sigmund freezes you.
You see here a +0 dagger.
Casting: Foxfire (safe; 5% risk of failure)
Confirm with . or Enter, or press ? or * to list all spells.
You conjure some foxfire!
You closely miss Sigmund.
The foxfire hits Sigmund.
Sigmund is lightly wounded.
Sigmund completely misses you.
Your magical contamination has completely faded away.
Casting: Foxfire (safe; 5% risk of failure)
Confirm with . or Enter, or press ? or * to list all spells.
You conjure some foxfire!
Sigmund barely misses you.
You barely miss Sigmund.
Sigmund is lightly wounded.
Your foxfire dissipates!
The foxfire hits Sigmund.
Sigmund is moderately wounded.
Casting: Foxfire (safe; 5% risk of failure)
Confirm with . or Enter, or press ? or * to list all spells.
You conjure some foxfire!
Sigmund hits you with a +7 scythe of freezing!
Sigmund freezes you.
* * * LOW HITPOINT WARNING * * *
You barely miss Sigmund. You punch Sigmund.
Sigmund is moderately wounded.
The foxfire hits Sigmund.
Sigmund is heavily wounded.
Sigmund hits you with a +7 scythe of freezing!
* * * LOW HITPOINT WARNING * * *
Sigmund freezes you.
You die...

.........# ..
####### .........#
.. ......#
.........# # #.# ..
#####.# .........#
.## #.# ## ....#.#
.........# .... ...
.. ###.#.#
.........##..# #.#
## ....#.#
.........#...# #.# #
#####.#
......@....#.# #.# #
#
#.##########@§###.#
#.## # #
#....§†...v§.## #.#
#.)####
###...###########.##
#.....#
#>...............#
####..#
#.#####.#######..#
##.# #.# #.#
#..##### #.. # #.#
#.# #......###### #
#.# #.#
#.####.#..... # #.#
#.# #.# #.#.####


You could see Sigmund.

Vanquished Creatures
  An orc priest (D:3)
  Ijyb (D:3)
  An orc wizard (D:3)
  An adder (D:3)
  3 dart slugs
  4 orcs (D:3)
  4 ball pythons
  5 bats
  4 endoplasms
  3 goblins
  4 hobgoblins
  6 jackals (D:1)
  4 quokkas
  4 frilled lizards
  6 kobolds
  7 rats
58 creatures vanquished.

Vanquished Creatures (others)
  119 foxfires
119 creatures vanquished.

Grand Total: 177 creatures vanquished

Notes
Turn   | Place    | Note
-------+----------+-------------------------------------------
     0 | D:1      | Pimp the Demonspawn Fire Elementalist began the quest for
                  | the Orb.
     0 | D:1      | Reached XP level 1. HP: 13/13 MP: 3/3
   229 | D:1      | Gained mutation: You are partially covered in yellow
                  | scales. (AC +2) [demonic ancestry]
   229 | D:1      | Reached XP level 2. HP: 16/19 MP: 1/5
   416 | D:1      | Gained mutation: You are somewhat resistant to further
                  | mutation. [potion of mutation]
   417 | D:1      | Lost mutation: You are somewhat resistant to further
                  | mutation. [potion of mutation]
   417 | D:1      | Gained mutation: You have hidden genetic defects. [potion
                  | of mutation]
   443 | D:1      | Gained mutation: You are weak. (Str -2) [hidden defects]
   671 | D:1      | Reached skill level 3 in Fire Magic
   673 | D:1      | Gained mutation: A meltable shield of frost defends you.
                  | (SH +0) [demonic ancestry]
   673 | D:1      | Reached XP level 3. HP: 24/24 MP: 2/6
   683 | D:1      | Gained mutation: You are very weak. (Str -4) [hidden
                  | defects]
   683 | D:1      | Lost mutation: You have hidden genetic defects. [hidden
                  | defects expressed]
  1330 | D:2      | Found Hunn's Magic Scroll Emporium.
  1374 | D:2      | Found a faded altar of an unknown god.
  1862 | D:3      | Gained mutation: You are mostly covered in yellow scales.
                  | (AC +3) [demonic ancestry]
  1862 | D:3      | Reached XP level 4. HP: 26/30 MP: 2/7
  2229 | D:3      | Noticed Ijyb
  2242 | D:3      | Killed Ijyb
  2243 | D:3      | Reached XP level 5. HP: 26/36 MP: 3/9
  2376 | D:3      | Found an iron altar of Okawaru.
  2474 | D:3      | Noticed Sigmund
  2492 | D:3      | Slain by Sigmund

Illustrated notes

Levels and vault maps discovered:
D:1:      minmay_arrival_checkered_box, layout_rooms, minmay_pentomino_o4
D:2:      layout_loops_ring, shapermc_ecumenical_altar_notcrosses, serial_shops,
          nicolae_shop_rolled_up, kennysheep_donut
D:3:      layout_basic, okawaru_metal_pillars_3, nrook_campfire,
          minmay_misc_feat_iff, cheibrodos_gnoll_hut, uniq_ijyb, uniq_sigmund

Skill      XL: |  1  2  3  4 |
---------------+-------------+-----
Stealth        | 2 |  2.7
Dodging        | 2 |  2.6
Fire Magic     | 3 |  3.3
Conjurations   | 2 |  2.1
Fighting       | |  0.8
Short Blades   | |  0.7
Spellcasting   | |  2.7

Action                     |  1- 3 |  4- 6 || total
---------------------------+-------+-------++-------
  Melee: Dagger            |    77 |       ||    77
         Unarmed           |     4 |       ||     4
         Short sword       |       |    33 ||    33
         Punch             |       |     1 ||     1
   Cast: Foxfire           |    61 |    17 ||    78
    Use: Scroll            |     4 |     1 ||     5
         Potion            |     3 |       ||     3
   Stab: Distracted        |     1 |       ||     1
         Sleeping          |       |     1 ||     1
 Armour: Robe              |    45 |     8 ||    53
  Dodge: Dodged            |    92 |    15 ||   107
  Block: Other             |    10 |     7 ||    17

Table legend: (Time is in decaauts)
 A = Elapsed time spent in this place.
 B = Non-inter-level travel time spent in this place.
 C = Inter-level travel time spent in this place.
 D = Time resting spent in this place.
 E = Time spent auto-exploring this place.
 F = Levels seen in this place.
 G = Mean time per level.
                   A        B        C        D        E       F      G
               +--------+--------+--------+--------+--------+-----+--------+
         Total |   2490 |   2426 |     64 |    154 |   1677 |   3 |  830.0 |
       Dungeon |   2490 |   2426 |     64 |    154 |   1677 |   3 |  830.0 |
               +--------+--------+--------+--------+--------+-----+--------+

Top non-repeatable levels by time:
     D:1: 877 daAuts
     D:2: 822 daAuts
     D:3: 789 daAuts
